 Dungeon Crawl Stone Soup version 0.30-a0-996-ga6910c8ee8 (webtiles) character file.

Game seed: 9207081693200225014

133 DavidChitty2 the Chopper (level 4, -3/41 HPs)
             Began as a Minotaur Fighter on Apr 4, 2023.
             Killed from afar by an orc wizard (7 damage)
             ... with a puff of flame
             ... on level 3 of the Dungeon.
             The game lasted 00:01:49 (1255 turns).

DavidChitty2 the Chopper (Minotaur Fighter)         Turns: 1255, Time: 00:01:50

Health: -3/41      AC:  7    Str: 22    XL:     4   Next: 93%
Magic:  3/3        EV:  9    Int:  5    God:
Gold:   113        SH:  4    Dex: 10    Spells: 3/3 levels left

rFire   . . .      SeeInvis .    a - +0 war axe
rCold   . . .      Faith    .    c - +0 buckler
rNeg    . . .      Spirit   .    b - +0 scale mail
rPois   .          Reflect  .    (helmet restricted)
rElec   .          Rampage  .    (no cloak)
rCorr   .                        (no gloves)
Will    .....                    (no boots) Stlth
                                 (no amulet)
HPRegen 0.26/turn                (no ring)
MPRegen 0.08/turn                (no ring)

@: no status effects
A: horns 2, retaliatory headbutt
a: no special abilities


You were on level 3 of the Dungeon.
You visited 1 branch of the dungeon, and saw 3 of its levels.

You collected 113 gold pieces.

Inventory:

Hand Weapons
 a - a +0 war axe (weapon)
Missiles
 h - 9 poisoned darts (quivered)
Armour
 b - a +0 scale mail (worn)
 c - a +0 buckler (worn)
Scrolls
 e - 5 scrolls of identify {unknown}
 g - a scroll of amnesia {unknown}
 i - a scroll of teleportation {unknown}
 j - a scroll of acquirement {unknown}
 k - 2 scrolls of enchant weapon {unknown}
 m - a scroll of poison {unknown}
 n - a scroll of noise {unknown}
 o - a scroll of immolation {unknown}
Potions
 d - 4 potions of might
 f - a potion of haste {unknown}
 l - a potion of curing {unknown}


   Skills:
 + Level 4.4 Fighting
 * Level 4.4 Axes
 + Level 4.4 Armour
 + Level 4.4 Shields


You had 3 spell levels left.
You didn't know any spells.
Your spell library contained the following spells:

 Spells                   Type           Power      Damage    Failure   Level
 Cigotuvi's Dreadful Rot  Necr/Pois/Air  0%         N/A       95%         2
 Dazzling Flash           Conj/Hex       0%         N/A       99%         3
 Dispel Undead            Necr           0%         3d6       100%        4
 Iskenderun's Mystic Bla  Conj/Tloc      0%         2d3       100%        4
 Death Channel            Necr           0%         N/A       100%        6
 Starburst                Conj/Fire      0%         6d3       100%        6


Dungeon Overview and Level Annotations

Branches:
Dungeon (3/15)

Altars:
Wu Jian


Innate Abilities, Weirdness & Mutations

You have a pair of horns on your head.
You reflexively headbutt those who attack you in melee.


Message History

The orc shouts!
The orc wizard shouts!
The orc wizard gestures wildly while chanting.
The orc wizard flickers and vanishes!
Deactivating autopickup; reactivate with Ctrl-A.
The orc barely misses you.
You hit the orc. The orc hits you but does no damage.
You hit the orc.
You kill the orc!
You barely miss the orc. Your headbutt misses the orc.
The orc hits you with a +0 whip. You block the orc's attack.
The orc priest mumbles some strange prayers to Beogh against you.
Beogh smites you!
You slash the orc priest! Your headbutt misses the orc priest.
You barely miss the orc.
You hit the orc priest but do no damage.
You barely miss something. You hit the orc but do no damage.
The orc priest calls down the wrath of Beogh upon you.
Beogh smites you!
* * * LOW HITPOINT WARNING * * *
Something hits you but does no damage. You block the orc's attack.
You slash the orc priest!
You kill the orc priest!
You miss something. You slash the orc!
You kill the orc!
You hear some strange, mumbled words.
You are confused.
Something hits you but does no damage.
Found a stone staircase leading down.
You hear some strange, mumbled words.
A puff of flame appears from out of thin air!
The puff of flame hits you.
* * * LOW HITPOINT WARNING * * *
Items here: )) ††.
You miss something. Something hits you.
* * * LOW HITPOINT WARNING * * *
You bump into the rock wall.
Something hits you but does no damage.
You slash something! Something hits you.
* * * LOW HITPOINT WARNING * * *
You feel less confused.
You hear some strange, mumbled words.
Something tries to affect you, but you resist.
Unknown command.
You hear some strange, mumbled words.
A puff of flame appears from out of thin air!
The puff of flame hits you!
You die...

..# ##.# ..#
######'#####.#
..###..†......##.#
..^.......†...##.#
...)..........##.#
.......###...)##.#
.......#
####..#.##
.......#
##){..######
.......#####
##.@.......
...........#
##..).....
######.....#
#........ #.....#
#..###### #.....#
#.>. #.....# #####
#.....# #.....#
#.....#


There were no monsters in sight!

Vanquished Creatures
  An orc priest (D:3)
  4 adders
  2 worms (D:3)
  A dart slug (D:3)
  2 orcs (D:3)
  5 ball pythons
  3 endoplasms (D:1)
  A giant cockroach (D:1)
  5 goblins
  8 hobgoblins
  4 jackals (D:2)
  6 quokkas
  A bat (D:2)
  A frilled lizard (D:1)
  4 kobolds
  5 rats
53 creatures vanquished.

Notes
Turn   | Place    | Note
-------+----------+-------------------------------------------
     0 | D:1      | DavidChitty2 the Minotaur Fighter began the quest for the
                  | Orb.
     0 | D:1      | Reached XP level 1. HP: 19/19 MP: 0/0
   118 | D:1      | Reached XP level 2. HP: 25/27 MP: 1/1
   696 | D:2      | Reached XP level 3. HP: 33/33 MP: 2/2
   699 | D:2      | Found an ornate altar of the Wu Jian Council.
  1113 | D:3      | Reached XP level 4. HP: 40/40 MP: 3/3
  1255 | D:3      | Killed from afar by an orc wizard

Illustrated notes

Levels and vault maps discovered:
D:1:      lemuel_arrival_tunnels, layout_basic
D:2:      layout_rooms, basic_altar
D:3:      layout_basic, chequers_ecumenical_altar_twisty

Skill      XL: |  1  2  3 |
---------------+----------+-----
Axes           | 3 4 |  4.4
Shields        | 4 |  4.4
Fighting       | 4 |  4.4
Armour         | 4 |  4.4

Action                     |  1- 3 |  4- 6 || total
---------------------------+-------+-------++-------
  Melee: War axe           |    89 |    22 ||   111
         Headbutt          |     5 |     3 ||     8
 Armour: Scale mail        |    35 |     9 ||    44
  Dodge: Dodged            |    48 |     6 ||    54
  Block: Buckler           |    19 |     4 ||    23

Table legend: (Time is in decaauts)
 A = Elapsed time spent in this place.
 B = Non-inter-level travel time spent in this place.
 C = Inter-level travel time spent in this place.
 D = Time resting spent in this place.
 E = Time spent auto-exploring this place.
 F = Levels seen in this place.
 G = Mean time per level.
                   A        B        C        D        E       F      G
               +--------+--------+--------+--------+--------+-----+--------+
         Total |   1295 |   1282 |     13 |      0 |    915 |   3 |  431.7 |
       Dungeon |   1295 |   1282 |     13 |      0 |    915 |   3 |  431.7 |
               +--------+--------+--------+--------+--------+-----+--------+

Top non-repeatable levels by time:
     D:1: 694 daAuts
     D:2: 435 daAuts
     D:3: 165 daAuts
